AoeStats
← AxD | Cad Bane

Arena

507167615Analyzed
2v2 RM · 15d ago on Sep 16, 2026· 31m 27s· 4 players
Game mode
Random Map
Map size
Medium (4 player)
Population
200
Speed
Normal
Resources
Standard
Victory
Conquest
Starting age
Dark Age
Ending age
Imperial Age
RankedLock teamsTeams togetherTeam positionsShared explorationLock speedFull tech treeHidden civsTurbo modeCheats
Victory
Defeat
🇨🇿 Slavs · Czechia
2058
+2
🇨🇿 Vikings · Czechia
1676
+9
🇨🇱 Teutons · Chile
1597
-6
🇦🇷 Magyars · Argentina
1532
-5
RoR | Klobaska
10:22 Feudal Age
10:40 Loom
14:33 Castle Age
12:56 Double-Bit Axe
14:28 Horse Collar
29:25 Town Watch
30:39 Heavy Plow
alesh
10:26 Feudal Age
14:06 Castle Age
11:59 Double-Bit Axe
12:35 Horse Collar
15:46 Bow Saw
19:47 Town Watch
20:17 Gold Mining
23:21 Heavy Plow
26:02 Imperial Age
23:19 Loom
23:37 Fletching
23:52 Crossbowman
24:27 Stone Mining
25:08 Bodkin Arrow
25:35 Ballistics
25:56 Padded Archer Armor
27:00 Bracer
28:46 Chemistry
28:37 Arbalester
31:30 Two-Man Saw
31:54 Conscription
31:55 Leather Archer Armor
32:25 Conscription
AxD | Cad Bane
5:39 Loom
8:24 Feudal Age
9:41 Fletching
23:25 Castle Age
22:34 Double-Bit Axe
24:38 Bodkin Arrow
29:23 Wheelbarrow
30:44 Hand Cart
32:00 Redemption
AxD | Keiokenkun-Uno-Puro
1:03 Loom
11:32 Feudal Age
15:46 Castle Age
15:21 Bloodlines
15:22 Scale Barding Armor
15:34 Gold Mining
16:31 Double-Bit Axe
17:45 Horse Collar
20:58 Bow Saw
28:46 Chain Barding Armor
30:27 Heavy Plow
31:04 Wheelbarrow
32:26 Gold Shaft Mining
Connection lost

Rejoining the realm…

Still unreachable

The connection could not be restored.

Session expired

The server has moved on; the page needs a fresh start.